 Dungeon Crawl Stone Soup version 0.32-a0-928-g1cae6b7ea0 (webtiles) character file.

Game seed: 1847120445844772362

1273 timneilson the Ruffian (level 8, -16/51 (52) HPs)
             Began as an Octopode Shapeshifter on Apr 12, 2024.
             Demolished by a wight
             ... wielding a +2 scimitar
              (20 damage)
             ... on level 6 of the Dungeon.
             The game lasted 00:06:45 (3754 turns).

timneilson the Ruffian (Octopode Shapeshifter)      Turns: 3754, Time: 00:06:46

HP:   -16/51 (52)   AC:  1    Str: 15    XL:     8   Next: 53%
MP:   8/8           EV: 18    Int: 13    God:
Gold: 345           SH:  0    Dex: 11    Spells: 7/7 levels left

rFire   . .          .
                       - Unarmed
rCold   . . .        (no shield)
rNeg    . . .        (helmet currently unavailable)
rPois   .            (no amulet)
rElec   .            n - +5 ring of evasion
rCorr   .            (no ring)
SInv    .            (no ring)
Will    .....        (no ring)
Stlth   +++          (no ring)
HPRegen 0.28/turn    (no ring)
MPRegen 0.11/turn    (no ring)
                     (no ring)

%: no passive effects
@: beast-form, lightly drained
A: beast (slay +3), almost no armour, amphibious, 8 rings, camouflage 1,
gelatinous body 1, (nimble swimmer 1), tentacles
a: Begin Untransformation


You were on level 6 of the Dungeon.
You were a hulking beast.
You visited 1 branch of the dungeon, and saw 6 of its levels.

You collected 345 gold pieces.

Inventory:

Jewellery
 n - a +5 ring of evasion (left tentacle)
Talismans
 b - a beast talisman (active)
 c - a flux talisman
Wands
 o - a wand of charming (7)
 p - a wand of flame (29)
 r - a wand of light (15)
Scrolls
 g - 2 scrolls of blinking
 m - a scroll of revelation
Potions
 a - 3 potions of lignification
 e - a potion of magic {unknown}
 f - 2 potions of might
 h - a potion of curing
 j - 2 potions of attraction
 k - a potion of cancellation {unknown}
 l - a potion of berserk rage {unknown}


   Skills:
 + Level 3.5 Fighting
 * Level 5.2 Dodging
 + Level 4.4 Stealth
 * Level 5.7 Unarmed Combat
 + Level 2.3 Evocations
 * Level 5.3 Shapeshifting


You had 7 spell levels left.
You didn't know any spells.
Your spell library contained the following spells:

 Spells                   Type           Power      Damage    Failure   Level
 Apportation              Tloc           0%         N/A       30%         1
 Necrotise                Necr           0%         1d4       30%         1
 Shock                    Conj/Air       0%         1d3       30%         1
 Sting                    Conj/Alch      0%         1d3       30%         1
 Summon Small Mammal      Summ           0%         N/A       30%         1
 Frozen Ramparts          Ice            0%         1d1       67%         3
 Ozocubu's Armour         Ice            0%         N/A       67%         3
 Swiftness                Air            0%         N/A       67%         3
 Volatile Blastmotes      Fire/Tloc      0%         2d10      67%         3
 Airstrike                Air            0%         2d(0-16)  97%         4
 Fulminant Prism          Conj/Alch      0%         3d5       97%         4
 Iskenderun's Mystic Bla Conj/Tloc 0%             2d3        (+2d1     97%         4
 Metabolic Englaciation   Hex/Ice        0%         N/A       100%        5
 Conjure Ball Lightning   Conj/Air       0%         3x3d6     100%        6
 Discord                  Hex            0%         N/A       100%        8
 Disjunction              Tloc           0%         N/A       100%        8


Dungeon Overview and Level Annotations

Branches:
Dungeon (6/15)
 Temple: D:4-7

Altars:
Qazlal
Trog
The Shining One

Shops:
D:1 ?


Innate Abilities, Weirdness & Mutations

You are a hulking beast.
Your limbs bulge with bestial killing power. (Slay +3)
You cannot wear most types of armour.
You are amphibious.
You can wear up to eight rings at the same time.
Your skin changes colour to match your surroundings (Stealth+).
Your rubbery body absorbs attacks. (AC +1, EV +1)
((You are camouflaged when in or above water. (Stealth+)))
You have tentacles for arms and can constrict up to eight enemies at once.


Message History

The wight hits you from afar with a +4 spear!
Things that are here:
a +0 whip; 2 stones; a kobold corpse You tentacle-slap the kobold.
You kill the kobold!
The wight hits you from afar with a +4 spear!
You feel drained. The wight hits you with a +4 spear.
Things that are here:
a +0 dagger; a +0 club; 2 poisoned darts You tentacle-slap the wight.
Your grab misses the wight. You squeeze the wight.
The wight is moderately damaged.
The wight hits you with a +4 spear!
* * * LOW HITPOINT WARNING * * *
You feel drained.
* * * LOW HITPOINT WARNING * * *
Unknown command.
You feel better. The wight closely misses you.
You closely miss the wight. You grab the wight. You squeeze the wight.
The wight is heavily damaged.
You constrict the wight. The wight hits you with a +4 spear.
* * * LOW HITPOINT WARNING * * *
You tentacle-slap the wight.
You destroy the wight!
Unknown command.
You tentacle-slap the wight. Your grab misses the wight.
Your squeeze misses the wight.
The wight is moderately damaged.
You barely miss the wight. You grab the wight.
The wight is moderately damaged.
You constrict the wight. The wight misses you.
An adder comes into view.
Unknown command.
The adder hisses angrily.
You tentacle-slap the wight but do no damage.
The wight is severely damaged.
You constrict the wight.
You hear a shout!
The wight hits you with a +2 scimitar!!
You die...

## #.# #.#
#.################
#h))............#
#z#########.####.#
#.. #.# #.# ....
#.####.# .S#..
#......# ...###.
#.###..# ### #.
#......# #.
#####.## #.#


You could see a wight and an adder.

Vanquished Creatures
  Prince Ribbit (D:5)
  Duvessa (D:4)
  2 ogres (D:5)
  A centaur (D:5)
  A kobold brigand (D:6)
  2 scorpions (D:5)
  A wight (D:6)
  Dowan (D:4)
  A howler monkey (D:5)
  3 bombardier beetles
  A hound (D:5)
  Crazy Yiuf (D:2)
  11 adders
  4 gnolls (D:5)
  A white imp (D:5)
  6 dart slugs
  3 ribbon worms
  2 orcs
  5 ball pythons
  3 bats
  11 endoplasms
  7 giant cockroaches
  5 hobgoblins
  5 jackals
  2 quokkas (D:1)
  7 frilled lizards
  6 goblins
  12 kobolds
  6 rats
112 creatures vanquished.

Notes
Turn   | Place    | Note
-------+----------+-------------------------------------------
     0 | D:1      | timneilson the Octopode Shapeshifter began the quest for
                  | the Orb.
     0 | D:1      | Reached XP level 1. HP: 13/13 MP: 1/1
    66 | D:1      | Reached XP level 2. HP: 14/18 MP: 2/2
   427 | D:1      | Found Aselum's Magic Scroll Emporium.
   447 | D:1      | Reached skill level 1 in Stealth
   447 | D:1      | Reached XP level 3. HP: 23/23 MP: 3/3
   948 | D:2      | Reached XP level 4. HP: 28/28 MP: 4/4
  1132 | D:2      | Found a bloodstained altar of Trog.
  1448 | D:2      | Found a runed translucent door.
  1449 | D:2      | Noticed Crazy Yiuf
  1627 | D:2      | Killed Crazy Yiuf
  1786 | D:3      | Identified the +2 scale mail of Ru's Brutal Revenge {rPois
                  | rF+}
  1796 | D:3      | Reached XP level 5. HP: 30/34 MP: 5/5
  2236 | D:4      | Noticed Duvessa
  2241 | D:4      | Noticed Dowan
  2260 | D:4      | Killed Duvessa
  2261 | D:4      | Reached XP level 6. HP: 33/39 MP: 6/6
  2264 | D:4      | Killed Dowan
  2380 | D:4      | Found a bloodstained altar of Trog.
  2463 | D:4      | Found a glowing golden altar of the Shining One.
  2567 | D:4      | Found a stormy altar of Qazlal.
  2655 | D:5      | Entered Level 5 of the Dungeon
  2681 | D:5      | Reached XP level 7. HP: 21/45 MP: 7/7
  2804 | D:5      | HP: 1/45 [centaur/arrow (10)]
  2810 | D:5      | Reached skill level 1 in Evocations
  3083 | D:5      | Reached skill level 5 in Unarmed Combat
  3288 | D:5      | Reached XP level 8. HP: 52/52 MP: 8/8
  3379 | D:5      | Reached skill level 5 in Shapeshifting
  3519 | D:6      | Noticed Prince Ribbit
  3534 | D:5      | Killed Prince Ribbit
  3535 | D:5      | Reached skill level 5 in Dodging
  3754 | D:6      | Demolished by a wight

Illustrated notes

Levels and vault maps discovered:
D:1:      nzn_arrival_crosshair, layout_loops_ring, serial_shops, shop,
          minmay_pentomino_o2
D:2:      kennysheep_six_static_rooms, layout_loops_ring, basic_altar,
          uniq_crazy_yiuf_cottage
D:3:      layout_rooms
D:4:      layout_rooms, mainiacjoe_overflow_tiny_flanked,
          mainiacjoe_overflow_catch_the_wave, uniq_duvessa
D:5:      layout_rooms, grunt_decor_arrowhead
D:6:      layout_loops_corners, nicolae_overflow_hidden_temple,
          nicolae_wu_jian_wuxing_cycle, serial_shops, nicolae_shop_gaudy_bauble,
          hangedman_feature_mirror, grunt_ministairs_4, abandoned_shop,
          uniq_jeremiah, uniq_prince_ribbit1

Skill      XL: |  1  2  3  4  5  6  7  8 |
---------------+-------------------------+-----
Stealth        | 1 2 3 4 |  4.4
Dodging        | 3 4 5 |  5.2
Fighting       | 2 3 |  3.5
Unarmed Combat | 4 5 |  5.7
Shapeshifting  | 4 5 |  5.3
Evocations     | 1 2 |  2.3

Action                     |  1- 3 |  4- 6 |  7- 9 || total
---------------------------+-------+-------+-------++-------
  Melee: Unarmed           |    71 |    99 |    59 ||   229
         Constrict         |    16 |    19 |    17 ||    52
         Tentacles         |    16 |    17 |    24 ||    57
         Punch             |     2 |     4 |     2 ||     8
    Use: Scroll            |     3 |     7 |     2 ||    12
         Potion            |       |     2 |     2 ||     4
   Stab: Sleeping          |     4 |    12 |     5 ||    21
 Armour: Skin              |    27 |    32 |    28 ||    87
  Dodge: Dodged            |    42 |    63 |    41 ||   146

Table legend: (Time is in decaauts)
 A = Elapsed time spent in this place.
 B = Non-inter-level travel time spent in this place.
 C = Inter-level travel time spent in this place.
 D = Time resting spent in this place.
 E = Time spent auto-exploring this place.
 F = Levels seen in this place.
 G = Mean time per level.
                   A        B        C        D        E       F      G
               +--------+--------+--------+--------+--------+-----+--------+
         Total |   3735 |   3651 |     84 |    515 |   2356 |   6 |  622.5 |
       Dungeon |   3735 |   3651 |     84 |    515 |   2356 |   6 |  622.5 |
               +--------+--------+--------+--------+--------+-----+--------+

Top non-repeatable levels by time:
     D:5: 1001 daAuts
     D:2: 981 daAuts
     D:1: 721 daAuts
     D:4: 549 daAuts
     D:3: 389 daAuts
     D:6: 92 daAuts
